 Dungeon Crawl Stone Soup version 0.30-a0-219-gf2db51d15e (webtiles) character file.

Game seed: 5392757209962411687

982 jimonade the Slicer (level 8, 0/44 HPs)
             Began as a Kobold Brigand on Oct 7, 2022.
             Slain by Joseph
             ... wielding a +0 quarterstaff
              (11 damage)
             ... on level 7 of the Dungeon.
             The game lasted 00:13:43 (6561 turns).

jimonade the Slicer (Kobold Brigand)                Turns: 6561, Time: 00:13:44

Health: 0/44       AC:  7    Str:  8    XL:     8   Next: 40%
Magic:  8/8        EV: 14    Int: 13    God:
Gold:   226        SH:  5    Dex: 18    Spells: 7/7 levels left

rFire   . . .      SeeInvis .    b - +7 Throatcutter {drain, coup de grace}
rCold   . . .      Faith    .    y - +0 buckler
rNeg    . . .      Spirit   .    G - +1 leather armour {Will+}
rPois   .          Reflect  .    E - +0 helmet
rElec   .          Harm     .    c - +0 cloak
rCorr   .          Rampage  .    (no gloves)
Will    +....                    u - +0 pair of boots
Stlth   +++++.....               (no amulet)
HPRegen 0.27/turn                (no ring)
MPRegen 0.11/turn                (no ring)

@: no status effects
A: small, no large weapons, nightstalker 3
a: no special abilities


You were on level 7 of the Dungeon.
You visited 1 branch of the dungeon, and saw 7 of its levels.

You collected 226 gold pieces.

Inventory:

Hand Weapons
 a - a +2 dagger
 b - the +7 Throatcutter (weapon) {drain, coup de grace}
   (You took it off a kobold on level 3 of the Dungeon)

   A truly terrible weapon, it drains the life of any living foe it strikes.
   It may instantly kill foes which have little health.
 h - a +0 sling
 k - a +0 shortbow
 x - a +0 sling
Missiles
 d - 29 poisoned darts (quivered)
 e - 3 curare-tipped darts
 F - 2 throwing nets
Armour
 c - a +0 cloak (worn)
 u - a +0 pair of boots (worn)
 v - a +0 robe
 y - a +0 buckler (worn)
 D - a +0 leather armour
 E - a +0 helmet (worn)
 G - a +1 leather armour of willpower (worn)
 M - an orb of light
Magical Staves
 L - a staff of cold
Jewellery
 o - an amulet of magic regeneration
Scrolls
 f - a scroll of teleportation {unknown}
 i - 2 scrolls of amnesia {unknown}
 j - 4 scrolls of identify {unknown}
 l - 2 scrolls of torment {unknown}
 p - 2 scrolls of noise {unknown}
 s - 3 scrolls of fog {unknown}
 w - a scroll of vulnerability {unknown}
 B - a scroll of brand weapon {unknown}
 C - a scroll of poison {unknown}
 K - a scroll of enchant weapon {unknown}
 N - 2 scrolls of blinking {unknown}
Potions
 g - 4 potions of heal wounds {unknown}
 m - 2 potions of degeneration {unknown}
 n - a potion of curing {unknown}
 q - a potion of attraction {unknown}
 r - 2 potions of brilliance {unknown}
 t - a potion of ambrosia {unknown}
 z - 3 potions of haste {unknown}
 A - 2 potions of might {unknown}
 H - a potion of magic {unknown}
 I - a potion of mutation {unknown}
 J - 2 potions of berserk rage {unknown}


   Skills:
 - Level 2.1 Fighting
 - Level 10.0 Short Blades
 - Level 2.1 Throwing
 + Level 2.6 Dodging
 + Level 8.7 Stealth
 + Level 1.1 Shields


You had 7 spell levels left.
You didn't know any spells.
Your spell library contained the following spells:

 Spells                   Type           Power      Damage    Failure   Level
 Foxfire                  Conj/Fire      0%         2x1d4     56%         1
 Kindle Blastsparks       Fire/Tloc/Air  0%         2d10      90%         3
 Stone Arrow              Conj/Erth      0%         3d7       90%         3
 Fulminant Prism          Conj/Hex       0%         3d6       100%        4
 Iskenderun's Mystic Bla  Conj/Tloc      0%         2d3       100%        4
 Fireball                 Conj/Fire      0%         3d3       100%        5
 Lee's Rapid Deconstruct  Erth           0%         3d5*      100%        5
 Starburst                Conj/Fire      0%         6d3       100%        6
 Borgnjor's Revivificati  Necr           0%         N/A       100%        8
 Necromutation            Tmut/Necr      0%         N/A       100%        8
 Death's Door             Necr           0%         N/A       100%        9


Dungeon Overview and Level Annotations

Branches:
Dungeon (7/15)
 Temple: D:4-7

Altars:
Ashenzari
Dithmenos
Hepliaklqana
Ru

Shops:
D:6 [(*

Annotations:
D:4 exclusion: ogre
D:5 exclusions: downstairs and ice beast
D:6 exclusions: 8 gnolls, 2 gnoll boudas, gnoll sergeant and howler monkey
D:7 Joseph


Innate Abilities, Weirdness & Mutations

You are small and have problems with some larger weapons.
You are completely attuned to the shadows.


Message History

There is an entrance to Elaozu Wuip's Weapon Boutique here.
Partly explored, can't reach some places.
There is an open door here.
You open the door.
There is an open door here.
There is an open door here.
There is an open door here.
There is an entrance to Anoiff's General Store here.
Items here: )))).
There is a stone staircase leading down here.
You climb downwards.
You hear the roar of battle.
There is an entrance to a bailey on this level.
Hurry and find it before the portal closes forever!
There is a stone staircase leading up here.
Okay, then.
You open the door.
Joseph, a Mercenary comes into view.
He is wielding a +0 quarterstaff.
There is an open door here.
Joseph shouts!
You block Joseph's attack.
You barely miss Joseph.
You sense an unholy aura.
b - the +7 Throatcutter (weapon)
{drain, coup de grace} Joseph hits you with a +0 quarterstaff!
You hit Joseph.
Joseph is lightly wounded.
Joseph hits you with a +0 quarterstaff!
You are too injured to fight recklessly!
You are too injured to fight recklessly!
You slash Joseph!
Joseph is lightly wounded.
Joseph hits you with a +0 quarterstaff!
* * * LOW HITPOINT WARNING * * *
You closely miss Joseph.
Joseph is lightly wounded.
Joseph closely misses you.
You hit Joseph.
Joseph is moderately wounded.
Joseph hits you but does no damage. Joseph hits you with a +0 quarterstaff!
You die...

#######
......#
...@..###
....@.'<#
......###
.####.#
#.# ..#


You could see Joseph.

Vanquished Creatures
  A steam dragon (D:6)
  A black bear (D:5)
  An ogre (D:6)
  A sky beast (D:6)
  Blork the orc (D:6)
  2 bullfrogs (D:6)
  2 scorpions
  An orc priest (D:5)
  An iguana (D:5)
  3 orc wizards (D:5)
  4 adders
  A shadow imp (D:5)
  5 worms
  3 dart slugs
  10 orcs
  3 bats
  6 endoplasms
  2 giant cockroaches
  5 goblins
  8 hobgoblins
  2 jackals (D:1)
  3 quokkas
  5 ball pythons
  2 frilled lizards
  10 kobolds
  6 rats
89 creatures vanquished.

Notes
Turn   | Place    | Note
-------+----------+-------------------------------------------
     0 | D:1      | jimonade the Kobold Brigand began the quest for the Orb.
     0 | D:1      | Reached XP level 1. HP: 12/12 MP: 1/1
    46 | D:1      | Reached skill level 3 in Short Blades
   117 | D:1      | Reached XP level 2. HP: 17/17 MP: 2/2
   344 | D:1      | Reached skill level 4 in Short Blades
   828 | D:1      | Reached XP level 3. HP: 21/21 MP: 3/3
  1213 | D:2      | Reached skill level 5 in Short Blades
  1214 | D:2      | Found a faded altar of an unknown god.
  1303 | D:2      | You fall into a shaft and drop 1 floor!
  1344 | D:3      | Reached XP level 4. HP: 26/26 MP: 4/4
  1720 | D:3      | Reached skill level 6 in Short Blades
  2513 | D:2      | Reached XP level 5. HP: 30/30 MP: 5/5
  2762 | D:4      | Noticed an ogre
  3167 | D:4      | Found a shadowy altar of Dithmenos.
  3167 | D:4      | Found a broken altar of Ashenzari.
  3447 | D:4      | Reached skill level 7 in Short Blades
  3938 | D:5      | Entered Level 5 of the Dungeon
  4015 | D:5      | Reached XP level 6. HP: 35/35 MP: 6/6
  4187 | D:5      | Reached skill level 8 in Short Blades
  4426 | D:5      | Found a sacrificial altar of Ru.
  4687 | D:5      | Noticed an ice beast
  4873 | D:5      | Reached XP level 7. HP: 40/40 MP: 7/7
  5022 | D:6      | Reached skill level 9 in Short Blades
  5170 | D:6      | Noticed a steam dragon
  5256 | D:6      | Found Anoiff's General Store.
  5334 | D:6      | Noticed Blork the orc
  5339 | D:6      | Killed Blork the orc
  5340 | D:6      | Reached skill level 10 in Short Blades
  5340 | D:6      | Reached XP level 8. HP: 44/44 MP: 8/8
  5593 | D:6      | Found a hazy altar of Hepliaklqana.
  5644 | D:6      | Reached skill level 1 in Shields
  5891 | D:6      | Found Ventum's Armour Emporium.
  6082 | D:6      | Found Elaozu Wuip's Weapon Boutique.
  6132 | D:6      | Got Ibuev's Folio of Blasts
  6552 | D:7      | Noticed Joseph
  6561 | D:7      | Slain by Joseph

Illustrated notes

Levels and vault maps discovered:
D:1:      grunt_arrival_crossed_arrows, layout_basic
D:2:      cheibrodos_helix_gallery, layout_loops_corners,
          shapermc_ecumenical_altar_mp_highgroup, minmay_liquid_box
D:3:      layout_rooms, hex_intersection
D:4:      layout_basic, gammafunk_temple_overflow_statue, eino_tiny_chamber,
          hex_tiny, minmay_unequal
D:5:      layout_basic, nicolae_ru_sacrificial_ziggurat, hex_large,
          dk_noncrumbling_2
D:6:      layout_basic, mainiacjoe_overflow_surrounded_room, serial_shops,
          nicolae_shop_behind_doors, nicolae_shop_stone, shop,
          nrook_mini_backslash, chequers_decorated_corner, uniq_blork_the_orc
D:7:      layout_basic, minmay_temple_entry_slanted, enter_bailey_5, uniq_joseph

Skill      XL: |  1  2  3  4  5  6  7  8 |
---------------+-------------------------+-----
Short Blades   | 3 4 5 6 7 8 10 | 10.0
Stealth        | 6 7 8 |  8.7
Dodging        | 2 |  2.6
Shields        | 1 |  1.1
Fighting       | |  2.1
Throwing       | |  2.1

Action                   |  1- 3 |  4- 6 |  7- 9 || total
-------------------------+-------+-------+-------++-------
Melee: Dagger            |    61 |    77 |     4 ||   142
       Long sword        |       |    36 |    23 ||    59
 Stab: Sleeping          |    19 |    19 |     1 ||    39
       Distracted        |       |     1 |       ||     1
Armor: Robe              |     4 |    11 |       ||    15
       Leather armour    |       |    12 |     4 ||    16
Dodge: Dodged            |    17 |    50 |    11 ||    78
Block: Buckler           |       |     9 |     8 ||    17

Table legend: (Time is in decaauts)
 A = Elapsed time spent in this place.
 B = Non-inter-level travel time spent in this place.
 C = Inter-level travel time spent in this place.
 D = Time resting spent in this place.
 E = Time spent auto-exploring this place.
 F = Levels seen in this place.
 G = Mean time per level.
                   A        B        C        D        E       F      G
               +--------+--------+--------+--------+--------+-----+--------+
         Total |   6529 |   5991 |    538 |     93 |   4646 |   7 |  932.7 |
       Dungeon |   6529 |   5991 |    538 |     93 |   4646 |   7 |  932.7 |
               +--------+--------+--------+--------+--------+-----+--------+

Top non-repeatable levels by time:
     D:6: 1537 daAuts
     D:4: 1407 daAuts
     D:2: 1078 daAuts
     D:5: 972 daAuts
     D:1: 873 daAuts
     D:3: 651 daAuts
     D:7: 9 daAuts
